 Dungeon Crawl Stone Soup version 0.31-a0-1-g4198be8af4 (webtiles) character file.

Game seed: 10933801559721913379

6068 lorenzova the Thaumaturge (level 10, -5/50 HPs)
             Began as a Deep Elf Conjurer on May 1, 2023.
             Was a Believer of Vehumet.
             Shot with an arrow by a centaur (18 damage)
             ... on level 10 of the Dungeon.
             The game lasted 00:27:14 (14049 turns).

lorenzova the Thaumaturge (Deep Elf Conjurer)      Turns: 14049, Time: 00:27:14

Health: -5/50      AC:  2    Str:  4    XL:     10   Next: 57%
Magic:  7/38       EV: 12    Int: 30    God:    Vehumet [**....]
Gold:   440        SH:  5    Dex: 13    Spells: 24/35 levels left

rFire   + . .        s - +2 hand axe (elec)
rCold   + . .        (no shield)
rNeg    . . .        a - +0 robe
rPois   .            (no helmet)
rElec   +            r - scarf of Daipaast {+Inv, rElec Int+2}
rCorr   .            (no gloves)
SInv    .            (no boots)
Will    +....        B - amulet of reflection
Stlth   ++           w - ring of protection from fire
HPRegen 0.28/turn    m - ring of magical power
MPRegen 0.26/turn

%: reflection
@: no status effects
A: cold resistance 1
a: Renounce Religion, Evoke Invisibility


You were on level 10 of the Dungeon.
You worshipped Vehumet.
Vehumet was pleased with you.
You visited 2 branches of the dungeon, and saw 11 of its levels.

You collected 830 gold pieces.
You spent 390 gold pieces at shops.

Inventory:

Hand Weapons
 s - a +2 hand axe of electrocution (weapon)
Armour
 a - a +0 robe (worn)
 r - the scarf of Daipaast (worn) {+Inv, rElec Int+2}
   (You found it on level 6 of the Dungeon)

   Int:       It affects your intelligence (+2).
   rElec:     It insulates you from electricity.
Magical Staves
 h - a staff of cold
Jewellery
 m - a ring of magical power (right hand)
 u - a ring of fire
 w - a ring of protection from fire (left hand)
 B - an amulet of reflection (around neck)
Wands
 x - a wand of flame (30)
Scrolls
 f - 3 scrolls of immolation
 g - a scroll of magic mapping
 k - 3 scrolls of poison
 l - 2 scrolls of enchant armour
 n - 10 scrolls of teleportation
 o - a scroll of amnesia
 y - 4 scrolls of fear
 C - a scroll of vulnerability {unknown}
Potions
 b - 3 potions of magic
 c - 3 potions of heal wounds
 d - a potion of curing
 e - a potion of degeneration
 i - 3 potions of mutation
 j - 2 potions of flight {unknown}
 p - 5 potions of attraction
 q - a potion of berserk rage {unknown}
 t - 2 potions of cancellation {unknown}
 v - a potion of brilliance {unknown}
 z - a potion of haste
 A - a potion of might {unknown}


   Skills:
 - Level 2.4 Dodging
 - Level 2.4 Stealth
 * Level 13.3 Spellcasting
 * Level 11.9 Conjurations
 - Level 6.0 Hexes
 - Level 6.0 Translocations


You had 24 spell levels left.
You knew the following spells:

 Your Spells              Type           Power      Damage    Failure   Level
a - Magic Dart            Conj           100%       1d8       1%          1
b - Searing Ray           Conj           100%       2d8       1%          2
c - Iskenderun's Mystic   Conj/Tloc      65%        2d13      1%          4
d - Fulminant Prism       Conj/Hex       32%        3d15      1%          4

Your spell library contained the following spells:

 Spells                   Type           Power      Damage    Failure   Level
 Freeze                   Ice            80%        1d9       2%          1
 Dazzling Flash           Conj/Hex       100%       N/A       1%          3
 Necrotise                Necr           80%        1d8       2%          1
 Volatile Blastmotes      Fire/Tloc      76%        2d16      2%          3
 Vampiric Draining        Necr           20%        2d7       8%          3
 Starburst                Conj/Fire      27%        6d9       32%         6
 Agony                    Necr           20%        N/A       56%         5


Dungeon Overview and Level Annotations

Branches:
Dungeon (10/15)            Temple (1/1) D:6
   Lair: D:8-11         Orc: D:9-12

Altars:
Ashenzari
Cheibriados
Dithmenos
Elyvilon
Gozag
Hepliaklqana
Kikubaaqudgha
Makhleb
Nemelex Xobeh
Okawaru
Qazlal
Ru
Sif Muna
Trog
Uskayaw
Vehumet
Wu Jian
Xom
Yredelemnul
Zin
The Shining One

Shops:
D:2 (   D:4 *   D:8 =


Innate Abilities, Weirdness & Mutations

Your flesh is cold resistant. (rC+)


Message History

The troll is almost dead.
The centaur wields a +0 shortbow.
The centaur shoots an arrow.
The arrow hits you.
Casting: Iskenderun's Mystic Blast (dangerous; 1% risk of failure)
Confirm with . or Enter, or press ? or * to list all spells.
You erupt in a blast of force!
The mystic blast hits the yak!
The yak is almost dead.
The yak is knocked back by the mystic blast.
The yak violently stops moving!
You kill the yak!
Vehumet accepts your kill.
The mystic blast hits the acid dragon!
The acid dragon is almost dead.
A centaur comes into view.
The acid dragon bites you.
* * * LOW HITPOINT WARNING * * *
You block the acid dragon's attack.
An orc warrior comes into view. It is wielding a +0 trident.
Casting: Iskenderun's Mystic Blast (dangerous; 1% risk of failure)
Confirm with . or Enter, or press ? or * to list all spells.
You erupt in a blast of force!
The mystic blast hits the troll!
You kill the troll!
Vehumet accepts your kill.
The mystic blast hits the two-headed ogre!
The two-headed ogre is heavily wounded.
The two-headed ogre is knocked back by the mystic blast.
The mystic blast hits the yak!
The yak is heavily wounded.
The yak is knocked back by the mystic blast.
The mystic blast hits the vampire mosquito!!
The vampire mosquito is almost destroyed.
The vampire mosquito is knocked back by the mystic blast.
The mystic blast hits the acid dragon!
You kill the acid dragon!
Vehumet accepts your kill.
You feel your power returning.
The acid dragon scales are intact enough to wear.
The centaur wields a +0 shortbow.
The centaur shoots an arrow.
The arrow hits you!!
You die...

....♣ #Y≈Y♣
##.≈O♣♣♣♣♣ #
.Y≈......
#..Y≈≈≈≈≈≈≈
#####.#.†......
...............
....††.@....#
.....†.[....#
.....†)).y..#
.......o.O>.#
............#
.......oO.c.#
......c...>.#
.........o...


You could see 3 two-headed ogres, 4 yaks, an orc warrior, a vampire mosquito, 2
centaurs, an orc wizard and an orc.

Vanquished Creatures
  A hydra (D:8)
  A troll (D:10)
  A slime creature (D:9)
  A shadow (D:9)
  4 yaks
  A steam dragon (D:8)
  Menkaure (D:6)
  An acid dragon (D:10)
  5 black bears
  4 orc warriors
  2 sky beasts (D:7)
  2 ice beasts (D:6)
  2 ogres
  A phantom (D:5)
  2 kobold brigands (D:9)
  3 bullfrogs
  3 gnoll sergeants
  5 wights
  A killer bee (shapeshifter) (D:9)
  10 killer bees
  3 howler monkeys
  2 jellies (D:5)
  7 hounds
  10 orc priests
  A gnoll bouda (D:9)
  3 iguanas
  3 sleepcaps (D:6)
  11 orc wizards
  20 gnolls
  4 adders
  2 shadow imps
  3 white imps
  A worm (D:5)
  A dart slug (D:1)
  61 orcs
  5 bats
  5 endoplasms
  2 giant cockroaches (D:2)
  12 goblins
  9 hobgoblins
  2 jackals (D:4)
  7 quokkas
  7 ball pythons
  5 frilled lizards
  6 kobolds
  10 rats
253 creatures vanquished.

Vanquished Creatures (others)
  A kobold brigand (D:9)
  26 fulminant prisms
  A fungus (D:3)
  4 plants (D:4)
  5 toadstools (D:3)
37 creatures vanquished.

Grand Total: 290 creatures vanquished

Notes
Turn   | Place    | Note
-------+----------+-------------------------------------------
     0 | D:1      | lorenzova the Deep Elf Conjurer began the quest for the
                  | Orb.
     0 | D:1      | Reached XP level 1. HP: 10/10 MP: 6/6
   181 | D:1      | Reached XP level 2. HP: 15/15 MP: 4/8
   723 | D:1      | Reached skill level 4 in Spellcasting
   751 | D:1      | Learned a level 2 spell: Searing Ray
  1229 | D:2      | Reached skill level 5 in Conjurations
  1229 | D:2      | Reached XP level 3. HP: 19/19 MP: 7/10
  1347 | D:2      | Found a faded altar of an unknown god.
  1408 | D:2      | Found Remut's Antique Weapon Emporium.
  1942 | D:2      | Reached XP level 4. HP: 24/24 MP: 9/12
  2051 | D:2      | Reached skill level 5 in Spellcasting
  2853 | D:4      | Noticed an ogre
  2869 | D:4      | Killed an ogre
  2870 | D:4      | Reached XP level 5. HP: 28/28 MP: 8/15
  3024 | D:4      | Learned a level 4 spell: Iskenderun's Mystic Blast
  3029 | D:4      | Learned a level 4 spell: Fulminant Prism
  3037 | D:4      | Reached skill level 6 in Spellcasting
  3533 | D:4      | Gained mutation: You sometimes lose your temper in combat.
                  | [potion of mutation]
  3533 | D:4      | Gained mutation: Your body sometimes deteriorates upon
                  | taking damage. [potion of mutation]
  3534 | D:4      | Lost mutation: You sometimes lose your temper in combat.
                  | [potion of mutation]
  3534 | D:4      | Lost mutation: Your body sometimes deteriorates upon taking
                  | damage. [potion of mutation]
  3534 | D:4      | Gained mutation: Your flesh is cold resistant. (rC+)
                  | [potion of mutation]
  3580 | D:4      | Reached skill level 1 in Hexes
  3580 | D:4      | Reached XP level 6. HP: 24/32 MP: 7/17
  3687 | D:4      | Found a shadowy altar of Dithmenos.
  3701 | D:4      | Reached skill level 1 in Translocations
  4322 | D:4      | Found Dugol's Lightly-Used Armoury.
  4361 | D:5      | Entered Level 5 of the Dungeon
  4569 | D:5      | Reached skill level 7 in Spellcasting
  4569 | D:5      | Reached XP level 7. HP: 36/36 MP: 8/19
  5113 | D:5      | Found an opulent altar of Gozag.
  5113 | D:5      | Found a shimmering altar of Xom.
  5540 | D:5      | Reached skill level 8 in Spellcasting
  5758 | D:5      | Reached XP level 8. HP: 41/41 MP: 15/22
  6159 | D:6      | Found a staircase to the Ecumenical Temple.
  6188 | D:6      | Identified the scarf of Daipaast {+Inv, rElec Int+2}
  6655 | D:6      | HP: 1/41 [orc warrior/+0 glaive (10)]
  6781 | D:6      | Reached skill level 9 in Spellcasting
  6954 | D:6      | Noticed Menkaure
  6985 | D:6      | Killed Menkaure
  6986 | D:6      | Reached skill level 5 in Hexes
  7129 | Temple   | Entered the Ecumenical Temple
  7227 | Temple   | Became a worshipper of Vehumet
  7866 | D:6      | Reached XP level 9. HP: 45/45 MP: 20/24
  8306 | D:7      | Reached skill level 10 in Spellcasting
  8984 | D:7      | Found a glowing silver altar of Zin.
  9144 | D:8      | Noticed a six-headed hydra
  9153 | D:8      | Killed a six-headed hydra
  9154 | D:8      | Reached skill level 5 in Translocations
  9377 | D:8      | Reached skill level 11 in Spellcasting
  9377 | D:8      | Reached skill level 10 in Conjurations
 10257 | D:8      | Reached * piety under Vehumet
 10257 | D:8      | Offered knowledge of Foxfire by Vehumet.
 10599 | D:8      | Found Icwoemni's Jewellery Boutique.
 10819 | D:9      | Reached XP level 10. HP: 50/50 MP: 18/27
 10822 | D:9      | Noticed a centaur warrior
 10824 | D:9      | Reached skill level 12 in Spellcasting
 11965 | D:8      | Bought an amulet of reflection for 390 gold pieces
 12127 | D:9      | Noticed a lindwurm
 12686 | D:9      | Offered knowledge of Freeze by Vehumet.
 12686 | D:9      | Reached ** piety under Vehumet
 14038 | D:10     | Entered Level 10 of the Dungeon
 14038 | D:10     | Noticed a two-headed ogre
 14042 | D:10     | Reached skill level 13 in Spellcasting
 14043 | D:10     | Noticed a two-headed ogre
 14046 | D:10     | Noticed a two-headed ogre
 14049 | D:10     | Shot with an arrow by a centaur

Illustrated notes

Levels and vault maps discovered:
D:1:      lightli_arrival_flooded_house, layout_basic, minmay_misc_feat_doors
D:2:      layout_basic, serial_shops, shop, basic_ecumenical_altar, wad_orctagon
D:3:      layout_rooms, grunt_ministairs_2, minmay_gold_behind_fungi
D:4:      layout_basic, nicolae_overflow_crystal_walls, serial_forest,
          infiniplex_forest_clump_large, infiniplex_forest_join,
          infiniplex_forest_straight_2, infiniplex_forest_clump_long,
          infiniplex_forest_lined_room_2, infiniplex_forest_clump_curved,
          infiniplex_forest_lined_1, minmay_shop_damaged, grunt_ministairs_12,
          chequers_serial_rivers_micro_b
D:5:      layout_rooms, jmf_multi_god_temple
D:6:      layout_cave_pools, minmay_temple_entry_grid, minmay_misc_feat_encased,
          uniq_menkaure
D:7:      layout_basic, zin_treasury, nicolae_figureground_pulse
D:8:      layout_gridville, minmay_shop_enchanted_jewellery, minmay_microvault
D:9:      cheibrodos_fzero, layout_cross, hiddenorc2_lemuel
D:10:     layout_small_grid, mainiacjoe_overflow_brackets, dpeg_oklobed_lair,
          minmay_circle_x
Temple:   minmay_temple_bridge_d

Skill      XL: |  1  2  3  4  5  6  7  8  9 10 |
---------------+-------------------------------+-----
Spellcasting   | 4 5 6 7 8 9 11 13 | 13.3
Conjurations   | 5 6 7 9 10 11 | 11.9
Hexes          | 1 2 3 5 6 |  6.0
Translocations | 2 3 4 5 6 |  6.0
Dodging        | |  2.4
Stealth        | |  2.4

Action                     |  1- 3 |  4- 6 |  7- 9 | 10-12 || total
---------------------------+-------+-------+-------+-------++-------
   Cast: Magic Dart        |    74 |   115 |   133 |    60 ||   382
         Searing Ray       |     2 |    11 |    49 |     7 ||    69
         Fulminant Prism   |       |       |    14 |    12 ||    26
         Iskenderun's Myst |       |       |     7 |    30 ||    37
    Use: Scroll            |     2 |     7 |     4 |       ||    13
         Potion            |       |     3 |       |       ||     3
 Armour: Robe              |     1 |     5 |     9 |     1 ||    16
  Dodge: Dodged            |     1 |    22 |    31 |     9 ||    63
  Block: Other             |       |       |       |     5 ||     5
         Reflection        |       |       |       |     4 ||     4

Table legend: (Time is in decaauts)
 A = Elapsed time spent in this place.
 B = Non-inter-level travel time spent in this place.
 C = Inter-level travel time spent in this place.
 D = Time resting spent in this place.
 E = Time spent auto-exploring this place.
 F = Levels seen in this place.
 G = Mean time per level.
                   A        B        C        D        E       F      G
               +--------+--------+--------+--------+--------+-----+--------+
         Total |  14094 |  13214 |    880 |   7513 |   3598 |  11 | 1281.3 |
       Dungeon |  13923 |  13144 |    779 |   7513 |   3536 |  10 | 1392.3 |
        Temple |    171 |     70 |    101 |      0 |     62 |   1 |  171.0 |
               +--------+--------+--------+--------+--------+-----+--------+

Top non-repeatable levels by time:
     D:8: 3196 daAuts
     D:5: 1824 daAuts
     D:9: 1806 daAuts
     D:4: 1762 daAuts
     D:6: 1392 daAuts
     D:1: 1291 daAuts
     D:7: 1087 daAuts
     D:2: 844 daAuts
     D:3: 707 daAuts
  Temple: 171 daAuts
    D:10: 10 daAuts
